 Dungeon Crawl Stone Soup version 0.30-a0-937-ga0a21ad780 (webtiles) character file.

Game seed: 15630863358954815057

195 Iniera the Ruffian (level 5, -7/28 (29) HPs)
             Began as a Vine Stalker Fighter on Mar 25, 2023.
             Was a Follower of Makhleb.
             Mangled by a wight
             ... wielding a +2 great sword
              (9 damage)
             ... on level 3 of the Dungeon.
             The game lasted 00:02:48 (2719 turns).

Iniera the Ruffian (Vine Stalker Fighter)           Turns: 2719, Time: 00:02:49

HP:   -7/28 (29)    AC: 12    Str: 21    XL:     5   Next: 74%
MP:   0/6           EV:  7    Int:  8    God:    Makhleb [*.....]
Gold: 68            SH:  4    Dex: 13    Spells: 4/4 levels left

rFire   . . .      SeeInvis .      - Unarmed
rCold   . . .      Faith    .    b - +0 buckler
rNeg    . . .      Spirit   +    n - +0 chain mail
rPois   .          Reflect  .    (no helmet)
rElec   .          Rampage  .    (no cloak)
rCorr   .                        s - +0 pair of gloves
Will    .....                    f - +1 pair of boots Stlth
                                 (no amulet)
HPRegen 1.04/turn                (no ring)
MPRegen 0.10/turn                (no ring)

@: lightly drained
A: fangs 2, regeneration 1, magic shield, antimagic bite, no potion heal 2
a: Renounce Religion


You were on level 3 of the Dungeon.
You worshipped Makhleb.
Makhleb was aware of your devotion.
You visited 1 branch of the dungeon, and saw 4 of its levels.

You collected 168 gold pieces.
You spent 100 gold pieces at shops.

Inventory:

Armour
 b - a +0 buckler (worn)
 f - a +1 pair of boots (worn)
 n - a +0 chain mail (worn)
 s - a +0 pair of gloves (worn)
Scrolls
 a - a scroll of acquirement {unknown}
 d - a scroll of summoning {unknown}
 g - a scroll of fog {unknown}
 h - 2 scrolls of identify {unknown}
 i - a scroll of fear
 j - a scroll of magic mapping {unknown}
 k - a scroll of blinking
 p - a scroll of amnesia {unknown}
 q - 2 scrolls of vulnerability {unknown}
 t - a scroll of enchant weapon {unknown}
Potions
 c - 2 potions of might
 e - 2 potions of degeneration {unknown}
 l - a potion of heal wounds {unknown}
 m - a potion of attraction {unknown}
 o - 3 potions of curing
 r - a potion of ambrosia {unknown}


   Skills:
 + Level 3.9 Fighting
 - Level 2.4 Armour
 - Level 2.6 Shields
 * Level 4.8 Unarmed Combat


You had 4 spell levels left.
You didn't know any spells.
Your spell library contained the following spells:

 Spells                   Type           Power      Damage    Failure   Level
 Portal Projectile        Hex/Tloc       0%         N/A       100%        3
 Tukima's Dance           Hex            0%         N/A       100%        3
 Blade Hands              Tmut           0%         N/A       100%        5


Dungeon Overview and Level Annotations

Branches:
Dungeon (4/15)
 Temple: D:4-7

Altars:
Elyvilon
Gozag
Makhleb
Sif Muna
Trog
The Shining One

Shops:
D:2 [:!   D:3 =(=


Innate Abilities, Weirdness & Mutations

You have extremely sharp teeth.
Your natural rate of healing is unusually fast.
When hurt, damage is shared between your health and your magic reserves.
Your bite disrupts and absorbs the magic of your enemies.
Potions cannot restore your health.


Message History

You hit the wight.
The wight is heavily damaged.
You hit the wight. You bite the wight. You drain its power.
You feel invigorated.
The wight is severely damaged.
The wight hits you with a +2 great sword.
* * * LOW HITPOINT WARNING * * *
You feel drained.
* * * LOW HITPOINT WARNING * * *
The wight hits you but does no damage.
Unknown command.
You barely miss the wight.
The wight is severely damaged.
You block the wight's attack.
The wight hits you with a +4 dire flail.
* * * LOW HITPOINT WARNING * * *
You feel drained.
Okay, then.
You closely miss the wight.
The wight is severely damaged.
The wight hits you with a +2 great sword.
* * * LOW HITPOINT WARNING * * *
The wight hits you but does no damage.
You barely miss the wight. You bite the wight. You drain its power.
You feel invigorated.
The wight is almost destroyed.
The wight closely misses you. You block the wight's attack.
You hit the wight.
You destroy the wight!
Makhleb accepts your kill. You block the wight's attack.
You hit the wight but do no damage. Your bite misses the wight.
You block the wight's attack.
You hit the wight but do no damage. The wight hits you but does no damage.
You closely miss the wight. Your bite misses the wight.
The wight hits you with a +2 great sword!
* * * LOW HITPOINT WARNING * * *
You barely miss the wight.
The wight hits you with a +2 great sword!
You die...

####.....##.....##..........#####
.###.....##......#...............
...............#'#...............
...............#.####............
...............#.#.....##........
...............#∩#......#<.......
.....######....#.≈......#...#....
...#######.....#)≈..........#....
........##.....#@#..#.......#....
._......##.....#z#..#.......#....
..............##.#....#'##..)....
..............##'######.##..†....
..............#..........+.....##
._.#..........##.....##.##...#...
...#.................+..##...#...
...#........#........###....##...
...#........##.#.....##..........


You could see a wight.

Vanquished Creatures
  A wight (D:3)
  2 hounds (D:3)
  3 adders
  A worm (D:2)
  3 dart slugs
  2 orcs
  2 bats (D:1)
  3 endoplasms
  5 giant cockroaches
  4 goblins
  3 hobgoblins
  6 kobolds
  2 quokkas (D:2)
  6 ball pythons
  A frilled lizard (D:1)
  5 rats
49 creatures vanquished.

Vanquished Creatures (others)
  2 fungi (D:4)
2 creatures vanquished.

Grand Total: 51 creatures vanquished

Notes
Turn   | Place    | Note
-------+----------+-------------------------------------------
     0 | D:1      | Iniera the Vine Stalker Fighter began the quest for the
                  | Orb.
     0 | D:1      | Reached XP level 1. HP: 11/11 MP: 2/2
   240 | D:1      | Reached XP level 2. HP: 15/16 MP: 3/3
  1173 | D:2      | Reached skill level 3 in Unarmed Combat
  1173 | D:2      | Reached XP level 3. HP: 20/20 MP: 2/4
  1278 | D:2      | Found a burning altar of Makhleb.
  1293 | D:2      | Became a worshipper of Makhleb the Destroyer
  1437 | D:2      | Found Ahoip's Book Emporium.
  1516 | D:2      | Found Osik's Armour Shoppe.
  1526 | D:2      | Bought a +0 pair of boots for 58 gold pieces
  1627 | D:2      | Identified the +0 robe of Claustrophobia {rN+ MP-9 Str+2
                  | SInv}
  1733 | D:2      | Found Qethrank's Distillery.
  1746 | D:2      | Bought a potion of curing for 42 gold pieces
  2032 | D:3      | Gained mutation: Your natural rate of healing is unusually
                  | fast. [Vine Stalker growth]
  2032 | D:3      | Reached XP level 4. HP: 24/24 MP: 5/5
  2051 | D:3      | Found a glowing golden altar of the Shining One.
  2051 | D:3      | Found a shimmering blue altar of Sif Muna.
  2063 | D:3      | Found an opulent altar of Gozag.
  2084 | D:3      | Found a white marble altar of Elyvilon.
  2096 | D:3      | Reached skill level 4 in Unarmed Combat
  2150 | D:3      | Found Lagad's Jewellery Emporium.
  2209 | D:3      | Found Zoriuda's Antique Weapon Emporium.
  2325 | D:3      | Found Otehotel's Jewellery Shop.
  2393 | D:3      | Reached * piety under Makhleb
  2646 | D:4      | Found a bloodstained altar of Trog.
  2663 | D:4      | Reached XP level 5. HP: 28/28 MP: 6/6
  2718 | D:3      | HP: 1/28 [wight/+2 great sword (7)]
  2719 | D:3      | Mangled by a wight

Illustrated notes

Levels and vault maps discovered:
D:1:      dpeg_arrival_erosion, layout_basic
D:2:      layout_loops_cross, serial_shops, shop_fountains, shop, shop,
          basic_altar, kennysheep_cluttered_room, patterned_corridor
D:3:      layout_basic, grunt_temple_overflow_open, serial_shops, shop,
          nicolae_shop_hallway_stairs, shop
D:4:      layout_rooms, mainiacjoe_overflow_boulevard, kennysheep_mini_moat,
          nicolae_ru_great_annihilating_truth, mainiacjoe_overflow_24_doors,
          uniq_grinder

Skill      XL: |  1  2  3  4 |
---------------+-------------+-----
Fighting       | 3 |  3.9
Unarmed Combat | 3 4 |  4.8
Armour         | |  2.4
Shields        | |  2.6

Action                     |  1- 3 |  4- 6 || total
---------------------------+-------+-------++-------
  Melee: Unarmed           |   111 |    64 ||   175
         Bite              |    22 |    22 ||    44
    Use: Scroll            |     2 |     1 ||     3
 Armour: Scale mail        |    24 |       ||    24
         Chain mail        |    21 |    39 ||    60
  Dodge: Dodged            |    39 |    32 ||    71
  Block: Buckler           |    21 |    22 ||    43

Table legend: (Time is in decaauts)
 A = Elapsed time spent in this place.
 B = Non-inter-level travel time spent in this place.
 C = Inter-level travel time spent in this place.
 D = Time resting spent in this place.
 E = Time spent auto-exploring this place.
 F = Levels seen in this place.
 G = Mean time per level.
                   A        B        C        D        E       F      G
               +--------+--------+--------+--------+--------+-----+--------+
         Total |   2716 |   2616 |    100 |      3 |   2182 |   4 |  679.0 |
       Dungeon |   2716 |   2616 |    100 |      3 |   2182 |   4 |  679.0 |
               +--------+--------+--------+--------+--------+-----+--------+

Top non-repeatable levels by time:
     D:1: 1049 daAuts
     D:2: 946 daAuts
     D:3: 664 daAuts
     D:4: 55 daAuts
